 Dungeon Crawl Stone Soup version 0.31.0-32-g396128a36d (webtiles) character file.

Game seed: 16316608975715775702

1161 Longtemps the Firebug (level 8, -5/48 HPs)
             Began as an Octopode Fire Elementalist on Mar 20, 2024.
             Slain by a troll (7 damage)
             ... on level 5 of the Dungeon.
             The game lasted 00:16:47 (6497 turns).

Longtemps the Firebug (Octopode Fire Elementalist)  Turns: 6497, Time: 00:16:48

Health: -5/48      AC:  1    Str:  7    XL:     8   Next: 39%
Magic:  0/17       EV: 13    Int: 20    God:
Gold:   236        SH:  0    Dex: 12    Spells: 6/19 levels left

rFire   + . .        i - +0 short sword (drain)
rCold   . . .        (no shield)
rNeg    . . .        (helmet restricted)
rPois   .            d - amulet of guardian spirit
rElec   .            n - ring of protection from fire
rCorr   .            (no ring)
SInv    .            (no ring)
Will    .....        (no ring)
Stlth   +++          (no ring)
HPRegen 0.28/turn    (no ring)
MPRegen 0.15/turn    (no ring)
                     (no ring)

%: guardian spirit
@: very slightly contaminated, hasted, very quick
A: almost no armour, amphibious, 8 rings, camouflage 1, gelatinous body 1,
(nimble swimmer 1), tentacles
a: no special abilities


You were on level 5 of the Dungeon.
You visited 1 branch of the dungeon, and saw 5 of its levels.
You also visited: Sewer.

You collected 236 gold pieces.

Inventory:

Hand Weapons
 i - a +0 short sword of draining (weapon)
Jewellery
 d - an amulet of guardian spirit (around mantle)
 n - a ring of protection from fire (left tentacle)
Wands
 h - a wand of roots (3)
 j - a wand of flame (11)
 q - a wand of mindburst (21)
 r - a wand of polymorph (6)
Scrolls
 a - a scroll of vulnerability {unknown}
 c - a scroll of fog {unknown}
 e - 2 scrolls of teleportation
 l - 4 scrolls of enchant armour
 m - 3 scrolls of fear
 p - a scroll of immolation
Potions
 b - 2 potions of resistance {unknown}
 f - 2 potions of cancellation {unknown}
 g - 2 potions of heal wounds {unknown}
 k - 6 potions of curing
 o - a potion of berserk rage {unknown}
 s - a potion of attraction {unknown}


   Skills:
 + Level 1.0 Fighting
 + Level 0.1 Short Blades
 + Level 2.3 Dodging
 + Level 3.8 Stealth
 + Level 0.1 Unarmed Combat
 + Level 6.1 Spellcasting
 + Level 3.3 Conjurations
 + Level 0.4 Hexes
 + Level 6.5 Fire Magic


You had 6 spell levels left.
You knew the following spells:

 Your Spells              Type           Power      Damage    Failure   Level
a - Foxfire               Conj/Fire      100%       2x1d9     1%          1
b - Scorch                Fire           64%        2d7       1%          2
c - Inner Flame           Hex/Fire       20%        N/A       8%          3
d - Volatile Blastmotes   Fire/Tloc      38%        2d13      9%          3
e - Flame Wave            Conj/Fire      25%        2d8       14%         4

Your spell library contained the following spells:

 Spells                   Type           Power      Damage    Failure   Level
 Summon Ice Beast         Ice/Summ       6%         N/A       30%         3
 Freezing Cloud           Conj/Ice/Air   5%         6-21      88%         5
 Ozocubu's Refrigeration  Ice            3%         4d8       100%        7


Dungeon Overview and Level Annotations

Branches:
Dungeon (5/15)              Sewer (visited)
 Temple: D:4-7

Altars:
Makhleb

Annotations:
D:3 3 runed translucent doors, Quickbrownfox's ghost, amateur OpSh


Innate Abilities, Weirdness & Mutations

You cannot wear most types of armour.
You are amphibious.
You can wear up to eight rings at the same time.
Your skin changes colour to match your surroundings (Stealth+).
Your rubbery body absorbs attacks. (AC +1, EV +1)
((You are camouflaged when in or above water. (Stealth+)))
You have tentacles for arms and can constrict up to eight enemies at once.


Message History

c - a scroll labelled ZUYRRO MIVAS GUDD
Found a scroll of identify.
u - a scroll of identify
As you read the scroll of identify, it crumbles to dust.
t - a potion of haste
Found 8 gold pieces.
You now have 236 gold pieces (gained 8).
A troll comes into view.
You feel yourself speed up. The troll barely misses you.
The troll claws you but does no damage. The troll claws you!
Casting: Foxfire (safe; 1% risk of failure)
Confirm with . or Enter, or press ? or * to list all spells.
You conjure some foxfire!
The troll bites you! The troll claws you! The troll claws you.
The foxfire hits the troll!
The troll is lightly wounded.
The foxfire hits the troll but does no damage.
The troll is lightly wounded.
Casting: Foxfire (safe; 1% risk of failure)
Confirm with . or Enter, or press ? or * to list all spells.
You conjure some foxfire!
Casting: Foxfire (safe; 1% risk of failure)
Confirm with . or Enter, or press ? or * to list all spells.
Flames lash the troll.
The troll is moderately wounded.
The troll's fire resistance burns away.
The foxfire hits the troll!
The troll is burned terribly!
The troll is heavily wounded.
The foxfire hits the troll.
The troll is burned terribly!
The troll is severely wounded.
Casting: Scorch (safe; 1% risk of failure)
Confirm with . or Enter, or press ? or * to list all spells.
You miscast Foxfire.
You are very lightly contaminated with residual magic.
Nothing appears to happen.
The troll bites you!
* * * LOW HITPOINT WARNING * * *
The troll claws you!
* * * LOW HITPOINT WARNING * * *
The troll claws you!
You die...

## ... ...#....#.# .##.#
).......#.# ...##
........#...
#...##.........#...
####....#.........#...
##..................#.#
#...............#.#.#.#
##.....T.........###.#.#
#......@........ ##..#.
##......ยง....... ##..##.
#.....#......... #...##.
##...##........# ##...#.#
##.............####..>...#
#..#..#.........##...##..#
#..#..##.....##.....###...
##...........####...# ####
##...........###..###


You could see a troll (combustible).

Vanquished Creatures
  Sigmund (D:2)
  A black bear (D:5)
  An ogre (D:5)
  A phantom (D:4)
  3 scorpions
  3 bombardier beetles (D:5)
  2 jellies
  An orc priest (D:4)
  3 hounds
  3 iguanas
  Ijyb (D:4)
  A hell rat (Sewer)
  Robin (D:2)
  3 gnolls (D:2)
  4 adders
  2 ribbon worms
  3 dart slugs
  5 orcs (D:4)
  5 bats
  7 endoplasms
  4 giant cockroaches
  10 goblins
  12 hobgoblins
  4 jackals (D:4)
  2 quokkas
  11 ball pythons
  A frilled lizard (D:1)
  7 kobolds
  8 rats
110 creatures vanquished.

Vanquished Creatures (others)
  272 foxfires
272 creatures vanquished.

Grand Total: 382 creatures vanquished

Notes
Turn   | Place    | Note
-------+----------+-------------------------------------------
     0 | D:1      | Longtemps the Octopode Fire Elementalist began the quest
                  | for the Orb.
     0 | D:1      | Reached XP level 1. HP: 11/11 MP: 3/3
   283 | D:1      | Reached XP level 2. HP: 17/17 MP: 3/5
   377 | D:1      | Learned a level 2 spell: Scorch
  1046 | D:2      | Reached XP level 3. HP: 21/21 MP: 4/6
  1069 | D:2      | Got the Vellum of Ice
  1128 | D:2      | Found a faded altar of an unknown god.
  1387 | D:2      | Noticed Sigmund
  1396 | D:2      | Killed Sigmund
  1397 | D:2      | Reached XP level 4. HP: 27/27 MP: 5/10
  1397 | D:2      | Reached XP level 5. HP: 31/31 MP: 5/11
  1622 | D:2      | Learned a level 3 spell: Inner Flame
  1798 | D:2      | Reached XP level 6. HP: 27/36 MP: 5/12
  2344 | D:2      | Noticed Robin
  2419 | D:2      | Killed Robin
  3733 | D:3      | Found a runed translucent gate.
  3733 | D:3      | Found a runed translucent gate.
  3733 | D:3      | Found a runed translucent gate.
  3738 | D:3      | Noticed Quickbrownfox's ghost (amateur OpSh)
  4209 | D:4      | Found a burning altar of Makhleb.
  4368 | D:4      | Reached XP level 7. HP: 34/41 MP: 8/14
  4817 | D:4      | Reached skill level 5 in Fire Magic
  4908 | D:4      | Noticed Ijyb
  4911 | D:4      | Reached skill level 5 in Spellcasting
  4914 | D:4      | Killed Ijyb
  5685 | D:5      | Entered Level 5 of the Dungeon
  5746 | D:5      | Reached skill level 1 in Fighting
  5809 | D:5      | Found a glowing drain.
  5828 | Sewer    | Entered a sewer
  6043 | D:5      | Reached XP level 8. HP: 48/48 MP: 10/16
  6446 | D:5      | Learned a level 3 spell: Volatile Blastmotes
  6452 | D:5      | Learned a level 4 spell: Flame Wave
  6488 | D:5      | Noticed a troll
  6497 | D:5      | HP: 2/48 [troll (11)]
  6497 | D:5      | Slain by a troll

Illustrated notes

Levels and vault maps discovered:
D:1:      lemuel_arrival_muddy, layout_loops_ring,
          hangedman_abyss_or_decor_lesser_grid
D:2:      layout_loops_cross, hellmonk_ecumenical_altar_run_dry, uniq_sigmund,
          uniq_robin
D:3:      layout_basic, gammafunk_ghost_necromancy
D:4:      layout_basic, mainiacjoe_overflow_paths, uniq_ijyb
D:5:      nicolae_BIG_FREAKIN_CUBE, layout_cave_pools, gup_sewer_entry_glass,
          serial_shops, shop

Skill      XL: |  1  2  3  4  5  6  7  8 |
---------------+-------------------------+-----
Stealth        | 3 |  3.8
Spellcasting   | 4 5 6 |  6.1
Fire Magic     | 4 5 6 |  6.5
Conjurations   | 2 3 |  3.3
Fighting       | 1 |  1.0
Short Blades   | |  0.1
Dodging        | |  2.3
Unarmed Combat | |  0.1
Hexes          | |  0.4

Action                     |  1- 3 |  4- 6 |  7- 9 || total
---------------------------+-------+-------+-------++-------
  Melee: Unarmed           |     5 |       |       ||     5
         Constrict         |     2 |     1 |       ||     3
         Tentacles         |     2 |     1 |       ||     3
         Short sword       |       |     3 |     1 ||     4
   Cast: Foxfire           |    35 |    60 |    66 ||   161
         Scorch            |    12 |    11 |    34 ||    57
         Inner Flame       |       |     6 |     1 ||     7
    Use: Potion            |     1 |       |     1 ||     2
         Scroll            |       |       |     6 ||     6
 Armour: Skin              |     7 |     9 |    19 ||    35
  Dodge: Dodged            |    14 |    11 |    21 ||    46
